 Dungeon Crawl Stone Soup version 0.27.1 (webtiles) character file.

Game seed: 16159911372690194856

842 ZARRMARR the Cleaver (level 8, -5/64 HPs)
             Began as a Hill Orc Monk on Aug 22, 2021.
             Was a Believer of Beogh.
             Slain by a sky beast (6 damage)
             ... on level 5 of the Dungeon.
             The game lasted 00:21:00 (5730 turns).

ZARRMARR the Cleaver (Hill Orc Monk)                Turns: 5730, Time: 00:21:01

Health: -5/64      AC:  8    Str: 16    XL:     8   Next: 0%
Magic:  8/8        EV:  7    Int: 10    God:    Beogh [**....]
Gold:   1139       SH:  0    Dex: 13    Spells: 7/7 levels left

rFire    + . .     SeeInvis .   a - +0 hand axe
rCold    . . .     Faith    .   (no shield)
rNeg     . . .     Spirit   .   g - +0 chain mail
rPois    .         Reflect  .   (no helmet)
rElec    .         Harm     .   (no cloak)
rCorr    +         Rampage  .   (no gloves)
Will     .....                  (no boots)
Stlth    ..........             p - amulet of the acrobat
HPRegen  0.20/turn              h - ring of resist corrosion
MPRegen  0.11/turn              o - ring of protection from fire

@: no status effects
A: no striking features
a: Renounce Religion, Smiting


You were on level 5 of the Dungeon.
You worshipped Beogh.
Beogh was pleased with you.
You visited 1 branch of the dungeon, and saw 5 of its levels.

You collected 1139 gold pieces.

Inventory:

Hand Weapons
 a - a +0 hand axe (weapon)
 b - a +0 war axe
Armour
 g - a +0 chain mail (worn)
Jewellery
 h - a ring of resist corrosion (left hand)
 o - a ring of protection from fire (right hand)
 p - an amulet of the acrobat (around neck)
Scrolls
 c - a scroll of noise
 d - 2 scrolls of enchant armour
 i - a scroll of holy word {unknown}
 j - a scroll of magic mapping {unknown}
 k - a scroll of teleportation {unknown}
 l - a scroll of vulnerability {unknown}
 n - 2 scrolls of blinking {unknown}
 q - a scroll of amnesia {unknown}
 r - a scroll of immolation {unknown}
 t - a scroll of fear {unknown}
Potions
 m - a potion of curing
 s - a potion of flight


   Skills:
 - Level 3.6 Fighting
 + Level 11.8 Axes
 - Level 2.4 Dodging
 - Level 1.5 Stealth


You had 7 spell levels left.
You didn't know any spells.
Your spell library contained the following spells:

 Spells                   Type           Power      Damage    Failure   Level
 Blink                    Tloc           N/A        N/A       100%        2
 Lesser Beckoning         Tloc           0%         N/A       100%        3
 Manifold Assault         Tloc           0%         N/A       100%        5


Dungeon Overview and Level Annotations

Branches:
Dungeon (5/15)
 Temple: D:4-7

Altars:


Message History

You feel sick. The sky beast closely misses you.
You hit the sky beast but do no damage.
The sky beast is heavily wounded.
You feel sick.
The sky beast hits you but does no damage.
You hit the sky beast.
The sky beast is heavily wounded.
The sky beast hits you. The sky beast shocks you.
You barely miss the sky beast.
The sky beast is heavily wounded.
You feel sick.
You are no longer poisoned.
You hit the sky beast.
The sky beast is severely wounded.
The sky beast hits you.
* * * LOW HITPOINT WARNING * * *
The sky beast shocks you.
* * * LOW HITPOINT WARNING * * *
You hit the sky beast.
The sky beast is severely wounded.
The sky beast hits you.
* * * LOW HITPOINT WARNING * * *
The sky beast shocks you.
* * * LOW HITPOINT WARNING * * *
It was a potion of magic.
Magic courses through your body.
The sky beast hits you but does no damage.
You hit the sky beast.
The sky beast is almost dead.
The sky beast closely misses you.
You hit the sky beast.
The sky beast is almost dead.
You miss the sky beast.
The sky beast is almost dead.
The sky beast barely misses you.
You hit the sky beast but do no damage.
The sky beast is almost dead.
The sky beast hits you.
* * * LOW HITPOINT WARNING * * *
The sky beast shocks you.
You die...

#.##....##.##.#
#............#
#.........##.#
#.##.#.......#
## #.#########
#.# #.# #[# #@#
#Y# #n# ..# ..#
.... .... ...(.


You could see a sky beast and a necrophage.

Vanquished Creatures
  Menkaure (D:5)
  The ghost of selver the Conjurer, an amateur DsWz (D:3)
  A sky beast (D:5)
  3 scorpions (D:5)
  2 hounds (D:4)
  A jelly (D:5)
  2 orc priests (D:3)
  A bullfrog skeleton (D:5)
  An orc wizard (D:3)
  3 adders
  2 adder skeletons (D:4)
  A worm (D:2)
  2 dart slugs
  5 orcs
  7 ball pythons
  5 endoplasms
  6 giant cockroaches
  10 goblins
  8 hobgoblins
  8 jackals
  8 kobolds
  A quokka (D:3)
  8 bats
  7 frilled lizards (D:1)
  6 rats
100 creatures vanquished.

Vanquished Creatures (others)
  2 orcs (D:3)
2 creatures vanquished.

Grand Total: 102 creatures vanquished

Notes
Turn   | Place    | Note
-------+----------+-------------------------------------------
     0 | D:1      | ZARRMARR the Hill Orc Monk began the quest for the Orb.
     0 | D:1      | Reached XP level 1. HP: 19/19 MP: 1/1
   170 | D:1      | Reached XP level 2. HP: 10/26 MP: 2/2
   451 | D:1      | Reached skill level 5 in Axes
   885 | D:1      | Reached XP level 3. HP: 24/31 MP: 3/3
  1460 | D:1      | Reached skill level 6 in Axes
  1559 | D:1      | Found a faded altar of an unknown god.
  1998 | D:2      | Reached XP level 4. HP: 35/39 MP: 4/4
  2046 | D:2      | Identified a scroll of acquirement
  2047 | D:2      | Acquired 1000 gold pieces
  3157 | D:3      | Reached skill level 7 in Axes
  3212 | D:3      | Became a worshipper of Beogh the Brigand
  3212 | D:3      | Reached * piety under Beogh
  3212 | D:3      | Reached ** piety under Beogh
  3221 | D:3      | Reached XP level 5. HP: 37/45 MP: 5/5
  3579 | D:3      | Reached skill level 8 in Axes
  3742 | D:3      | Found a large runed translucent door.
  3743 | D:3      | Found a large runed translucent door.
  3743 | D:3      | Noticed selver's ghost (amateur DsWz)
  3867 | D:3      | Killed selver's ghost
  3868 | D:3      | Reached skill level 9 in Axes
  3868 | D:3      | Reached XP level 6. HP: 20/51 MP: 6/6
  4903 | D:5      | Entered Level 5 of the Dungeon
  4903 | D:5      | Noticed Menkaure
  4944 | D:5      | Killed Menkaure
  4945 | D:5      | Reached skill level 10 in Axes
  4945 | D:5      | Reached XP level 7. HP: 16/57 MP: 7/7
  5440 | D:5      | Reached skill level 11 in Axes
  5715 | D:5      | Reached XP level 8. HP: 41/64 MP: 8/8
  5725 | D:5      | HP: 1/64 [sky beast (5)]
  5730 | D:5      | HP: 1/64 [sky beast (1)]
  5730 | D:5      | Slain by a sky beast

Illustrated notes

Levels and vault maps discovered:
D:1:      lemuel_arrival_cross, layout_basic,
          hellmonk_ecumenical_altar_heavens_door, minmay_octomino_e4
D:2:      layout_loops_corners, minmay_shallow_snake_nest
D:3:      cheibrodos_pilgrimage, layout_basic, ebering_ghost_disaster_area
D:4:      layout_rooms, grunt_ministairs_3, minmay_statues_item
D:5:      layout_loops_corners, minmay_overflow_temple_star_hex,
          minmay_temple_entry_nine_rooms, amcnicky_mini_corridor_feature,
          uniq_menkaure, uniq_duvessa

Skill      XL: |  1  2  3  4  5  6  7 |
---------------+----------------------+-----
Axes           | 5 6 7 9 10 11 | 11.8
Fighting       | |  3.6
Dodging        | |  2.4
Stealth        | |  1.5

Action                   |  1- 3 |  4- 6 |  7- 9 || total
-------------------------+-------+-------+-------++-------
Melee: Hand axe          |   170 |   232 |    72 ||   474
Throw: Stone             |    73 |    37 |     8 ||   118
Invok: Convert to Beogh  |       |     1 |       ||     1
  Use: Scroll            |     1 |     4 |       ||     5
       Potion            |       |     8 |     2 ||    10
Armor: Robe              |     9 |       |       ||     9
       Scale mail        |    48 |    57 |       ||   105
       Skin              |       |     1 |       ||     1
       Chain mail        |       |    14 |    22 ||    36
Dodge: Dodged            |    56 |    91 |    18 ||   165
